 Dungeon Crawl Stone Soup version 0.17.1-2-g5865329 (webtiles) character file.

126 Herrn the Skirmisher (level 5, -4/49 HPs)
             Began as a Naga Skald on Jan 11, 2016.
             Splashed by a jelly's acid (5 damage)
             ... on level 3 of the Dungeon.
             The game lasted 00:08:41 (2242 turns).

Herrn the Skirmisher (Naga Skald)                   Turns: 2242, Time: 00:08:41

Health: -4/49      AC:  0    Str: 14    XL:     5   Next: 10%
Magic:  8/8        EV:  9    Int: 14    God:
Gold:   88         SH:  0    Dex: 10    Spells: 1 memorised, 7 levels left

rFire  . . .     SeeInvis +     i - +2 dagger (venom)
rCold  . . .     Clarity  .     b - +0 leather armour
rNeg   . . .     SustAt   .     (no shield)
rPois  +         Gourm    .     (no helmet)
rElec  .         Spirit   .     (no cloak)
rCorr  .         Warding  .     (no gloves)
rMut   .         Stasis   .     (no barding)
MR     .....                    (no amulet)
Stlth  +.........               (no ring)
                                (no ring)

@: corroded equipment, very slow, not resistant to hostile enchantments, very
unstealthy
A: see invisible, deformed body, poison resistance, slowness 2, slow metabolism
1, spit poison 2, AC +1
a: Spit Poison


You were on level 3 of the Dungeon.
You were not hungry.

You visited 1 branch of the dungeon, and saw 3 of its levels.

You collected 88 gold pieces.

Inventory:

Hand Weapons
 a - a +0 hand axe
 i - a +2 dagger of venom (weapon)
Armour
 b - a +0 leather armour (worn)
 e - a +0 robe
Scrolls
 g - a scroll of random uselessness {unknown}
 k - a scroll of immolation {unknown}
 l - a scroll of enchant weapon {unknown}
 m - a scroll of identify {unknown}
 p - a scroll of magic mapping {unknown}
Potions
 h - a potion of cure mutation {unknown}
 j - a potion of curing {unknown}
 o - a potion of might {unknown}
Books
 c - a book of Battle

   Spells                             Type                      Level
   a - Infusion                       Charms                       1
   b - Shroud of Golubria             Charms/Translocation         2
   c - Song of Slaying                Charms                       2
   d - Spectral Weapon                Hexes/Charms                 3
   e - Regeneration                   Charms/Necromancy            3
Comestibles
 d - 5 bread rations
 f - a beef jerky
 n - a slice of pizza
 q - a meat ration
 r - 3 fruits
 s - a chunk of flesh


   Skills:
 * Level 3.3 Fighting
 * Level 2.8 Axes
 + Level 2.2 Armour
 + Level 1.5 Dodging
 - Level 2.0 Spellcasting
 - Level 3.0 Charms


You had 7 spell levels left.
You knew the following spells:

 Your Spells              Type           Power        Failure   Level  Hunger
a - Infusion              Chrm           #.....       10%         1    ##.....


Dungeon Overview and Level Annotations

Branches:
Dungeon (3/15)

Altars:
Xom


Innate Abilities, Weirdness & Mutations

You cannot wear boots.
Your serpentine skin is tough (AC +1).
You have supernaturally acute eyesight.
Armour fits poorly on your strangely shaped body.
Your system is resistant to poisons.
You cover ground very slowly.
You have a slow metabolism.
You can spit poison.


Message History

You hit the jelly but do no damage.
The jelly is poisoned.
Your hands burn!
The jelly is moderately wounded.
The jelly hits you.
You are splashed with acid!
The acid burns!
You hit the jelly. The acid corrodes you!
Your hands burn!
The jelly is heavily wounded.
The jelly hits you.
You are splashed with acid!
The acid corrodes you!
The acid burns!
You hit the jelly.
Your hands burn!
* * * LOW HITPOINT WARNING * * *
The jelly is severely wounded.
The jelly barely misses you.
You hit the jelly.
Your hands burn!
* * * LOW HITPOINT WARNING * * *
The jelly is almost dead.
The jelly hits you.
* * * LOW HITPOINT WARNING * * *
You are splashed with acid!
The acid burns!
* * * LOW HITPOINT WARNING * * *
You hit the jelly.
Your hands burn!
You die...

#........##.###...#..#.#
..........#..##.##.##..#
..........##.##(#.⌠.#..#
..........##.#.)##.##.#
...............#..#..#
..........##.(.......#
#..............#.##.#####
............######..#...##
...........@J.+..##......##
............###...#.......#
............###...#....<..#
............'.+._.#.......#
............###...#......##
........#...# #...#.#.<.##
..#..#.##...+ +..########
..... #...# #### ..###
#..## ...


You could see a jelly.

Vanquished Creatures
  Ijyb (D:2)
  Jessica (D:2)
  An adder (D:3)
  An ooze (D:1)
  2 worms (D:2)
  A ball python (D:2)
  3 giant cockroaches
  5 hobgoblins
  7 jackals (D:1)
  5 kobolds
  A sheep (D:3)
  8 bats
  4 giant newts
  6 goblins
  A quokka (D:2)
  9 rats
56 creatures vanquished.

Notes
Turn   | Place    | Note
--------------------------------------------------------------
     0 | D:1      | Herrn the Naga Skald began the quest for the Orb.
     0 | D:1      | Reached XP level 1. HP: 19/19 MP: 3/3
   369 | D:1      | Reached skill level 1 in Armour
   389 | D:1      | Reached XP level 2. HP: 23/26 MP: 5/5
   935 | D:1      | Reached XP level 3. HP: 30/33 MP: 6/6
  1034 | D:1      | Reached skill level 1 in Dodging
  1430 | D:2      | Noticed Jessica
  1430 | D:2      | Noticed Ijyb
  1450 | D:2      | Killed Ijyb
  1450 | D:2      | Reached XP level 4. HP: 29/42 MP: 7/7
  1457 | D:2      | Killed Jessica
  2074 | D:3      | Found a shimmering altar of Xom.
  2099 | D:3      | Reached XP level 5. HP: 45/49 MP: 8/8
  2241 | D:3      | HP: 1/49 [acid (6)]
  2242 | D:3      | Splashed by a jelly's acid

Action                   |  1- 3 |  4- 6 || total
-------------------------+-------+-------++-------
Melee: Hand axe          |    36 |       ||    36
       Dagger            |    48 |    36 ||    84
 Cast: Infusion          |     1 |       ||     1
 Abil: Spit Poison       |    34 |     3 ||    37
  Use: Potion            |     1 |       ||     1
  Eat: Chunk             |     3 |     2 ||     5
